 Dungeon Crawl Stone Soup version 0.30.0-5-g1a98f26d00 (webtiles) character file.

Game seed: 3898172036564012069

15739 qeuew the Nimble (level 12, -2/95 HPs)
             Began as a Merfolk Gladiator on May 10, 2023.
             Was an Initiate of Gozag.
             Slain by a death yak (16 damage)
             ... on level 1 of the Lair of Beasts.
             The game lasted 00:15:36 (9366 turns).

qeuew the Nimble (Merfolk Gladiator)                Turns: 9366, Time: 00:15:38

Health: -2/95      AC: 14    Str: 15    XL:     12   Next: 30%
Magic:  12/12      EV: 27    Int:  8    God:    Gozag
Gold:   1606       SH:  0    Dex: 28    Spells: 11/11 levels left

rFire   . . .        f - +4 scimitar
rCold   . . .        (no shield)
rNeg    . . .        p - +5 ring mail of the Farrier {Will+ Dex+3}
rPois   .            (no helmet)
rElec   .            (no cloak)
rCorr   .            (no gloves)
SInv    .            (boots currently unavailable)
Will    +....        l - amulet of regeneration
Stlth   ++++         g - +6 ring of dexterity
HPRegen 1.15/turn    k - +4 ring of protection
MPRegen 0.13/turn

%: no passive effects
@: gold aura, very quick
A: nimble swimmer 2, mertail
a: Renounce Religion, Potion Petition, Call Merchant, Bribe Branch


You were on level 1 of the Lair of Beasts.
You worshipped Gozag.
Gozag was most pleased with you.
You visited 3 branches of the dungeon, and saw 13 of its levels.

You collected 1995 gold pieces.
You paid 389 gold pieces to Gozag.

Inventory:

Hand Weapons
 f - a +4 scimitar (weapon)
 m - a +3 long sword
Missiles
 d - 4 throwing nets (quivered)
 e - a javelin
 C - 8 curare-tipped darts
 D - 16 poisoned darts
Armour
 p - the +5 ring mail of the Farrier (worn) {Will+ Dex+3}
   (You found it on level 4 of the Dungeon)

   Dex:       It affects your dexterity (+3).
   Will:      It increases your willpower.
Jewellery
 g - a +6 ring of dexterity (left hand)
 j - a ring of protection from cold
 k - a +4 ring of protection (right hand)
 l - an amulet of regeneration (around neck)
 q - a ring of positive energy
 t - a ring of resist corrosion
 H - a ring of fire
Wands
 a - a wand of polymorph (8)
 b - a wand of charming (21)
 r - a wand of flame (31)
 v - a wand of digging (6)
 x - a wand of iceblast (19)
Scrolls
 n - a scroll of enchant armour
 o - 3 scrolls of teleportation
 y - a scroll of enchant weapon
 z - a scroll of fear
 A - a scroll of identify
 B - 2 scrolls of fog
 F - 2 scrolls of blinking
 G - a scroll of magic mapping
Potions
 c - a potion of brilliance
 h - a potion of curing
 i - 3 potions of flight
 s - 2 potions of cancellation
 u - a potion of resistance
 E - a potion of heal wounds


   Skills:
 + Level 9.2 Fighting
 * Level 11.5 Long Blades
 * Level 9.5 Throwing
 * Level 12.6 Dodging
 + Level 5.1 Stealth
 + Level 7.2 Evocations


You had 11 spell levels left.
You didn't know any spells.
Your spell library contained the following spells:

 Spells                   Type           Power      Damage    Failure   Level
 Sandblast                Erth           0%         2d4       65%         1
 Passwall                 Tmut/Erth      0%         N/A       78%         2
 Call Canine Familiar     Summ           0%         N/A       95%         3
 Portal Projectile        Hex/Tloc       0%         N/A       95%         3
 Stone Arrow              Conj/Erth      0%         3d7       95%         3
 Leda's Liquefaction      Hex/Erth       0%         N/A       100%        4


Dungeon Overview and Level Annotations

Branches:
Dungeon (11/15)            Temple (1/1) D:6            Lair (1/5) D:11
    Orc (0/2) D:9

Altars:
Ashenzari
Cheibriados
Dithmenos
Elyvilon
Fedhas
Gozag
Hepliaklqana
Kikubaaqudgha
Makhleb
Nemelex Xobeh
Okawaru
Qazlal
Ru
Sif Muna
Trog
Uskayaw
Vehumet
Wu Jian
Xom
Yredelemnul
Zin
The Shining One

Shops:
D:1 [


Innate Abilities, Weirdness & Mutations

You are very nimble when in or above water. (Stealth+, EV+, Speed+++)
Your lower body shifts to a powerful aquatic tail in water.


Message History

The death yak completely misses you. The death yak barely misses you.
You barely miss the death yak.
The death yak is lightly wounded.
The death yak misses you. The death yak completely misses you.
You slash the death yak!
The death yak is lightly wounded.
The death yak completely misses you. The death yak gores you!
You are too injured to fight recklessly!
You are too injured to fight recklessly!
You are too injured to fight recklessly!
You are too injured to fight recklessly!
You are too injured to fight recklessly!
You are too injured to fight recklessly!
You are too injured to fight recklessly!
You are too injured to fight recklessly!
You are too injured to fight recklessly!
You are too injured to fight recklessly!
You are too injured to fight recklessly!
You are too injured to fight recklessly!
You are too injured to fight recklessly!
You are too injured to fight recklessly!
You are too injured to fight recklessly!
You are too injured to fight recklessly!
You are too injured to fight recklessly!
You are too injured to fight recklessly!
You are too injured to fight recklessly!
You are too injured to fight recklessly!
You are too injured to fight recklessly!
You slash the death yak!
The death yak is moderately wounded.
The death yak gores you! The death yak gores you.
You slash the death yak!
The death yak is heavily wounded.
You hit the death yak.
Your tail-slap misses the death yak.
The death yak is heavily wounded.
The death yak gores you!!
* * * LOW HITPOINT WARNING * * *
The death yak gores you!
You die...
Your body crumbles into a pile of gold.

♣....$.P..P♣~
♣♣...??....P≈ .#
~≈~...).)...~≈P.##
.~≈♣.........≈♣P..#
...≈........♣♣~...##
P(.♣≈≈.....~≈~.....#
.....♣♣YY$.≈♣.....[.
#....~♣@♣≈≈♣........
#...P...P.........
###.......#.P.....
###[.###........
##..##........
#............
####.........
##.........
#..........


You could see 2 death yaks.

Vanquished Creatures
  A centaur warrior (D:9)
  A two-headed ogre (D:10)
  4 death yaks (Lair:1)
  An orc knight (D:11)
  A deep elf pyromancer (D:9)
  A manticore (D:8)
  4 elephants (Lair:1)
  A cane toad (Lair:1)
  A kobold demonologist (D:10)
  A rime drake (D:11)
  A hornet (D:7)
  A troll (D:10)
  2 shadows
  A wraith (D:11)
  5 wyverns
  13 yaks
  3 steam dragons
  An acid dragon (D:11)
  A water moccasin (D:7)
  6 orc warriors
  A black bear (D:6)
  7 ice beasts (D:11)
  2 ogres
  2 wolves (D:11)
  4 centaurs
  4 kobold brigands
  2 phantoms (D:5)
  8 bullfrogs
  A gnoll sergeant (D:10)
  A scorpion (D:6)
  11 wights
  5 killer bees
  3 jellies
  6 orc priests
  A gnoll bouda (D:5)
  5 hounds
  Jessica (D:2)
  4 iguanas
  A sleepcap (D:7)
  Natasha (twice) (D:2)
  8 orc wizards
  14 gnolls
  5 adders
  4 shadow imps
  2 white imps (D:6)
  4 ufetubi
  3 worms
  2 dart slugs
  33 orcs
  4 endoplasms
  4 giant cockroaches
  6 goblins
  11 hobgoblins
  6 jackals
  3 quokkas
  10 ball pythons
  3 bats (D:1)
  3 frilled lizards
  26 kobolds
  7 rats
279 creatures vanquished.

Vanquished Creatures (others)
  A howler monkey (D:9)
1 creature vanquished.

Grand Total: 280 creatures vanquished

Notes
Turn   | Place    | Note
-------+----------+-------------------------------------------
     0 | D:1      | qeuew the Merfolk Gladiator began the quest for the Orb.
     0 | D:1      | Reached XP level 1. HP: 16/16 MP: 1/1
    81 | D:1      | Reached XP level 2. HP: 22/23 MP: 2/2
    91 | D:1      | Found Reile's Armour Shoppe.
   459 | D:1      | Reached XP level 3. HP: 28/28 MP: 3/3
   750 | D:2      | Reached XP level 4. HP: 32/35 MP: 4/4
   854 | D:2      | Noticed Jessica
   866 | D:2      | Killed Jessica
   869 | D:2      | Reached skill level 5 in Dodging
   873 | D:2      | Identified the +1 leather armour of Objectivity {*Slow rN+
                  | Int+3 Dex-5 Slay+2}
   981 | D:2      | Noticed Natasha
   992 | D:2      | Killed Natasha
   993 | D:2      | Reached XP level 5. HP: 36/41 MP: 5/5
  1238 | D:2      | Noticed Natasha
  1432 | D:2      | Killed Natasha
  1806 | D:3      | Identified the +6 quarterstaff of Parts Unknown {freeze,
                  | rCorr Str+5}
  1821 | D:3      | HP: 1/42 [orc/the +6 quarterstaff of Parts Unknown {freeze,
                  | rCorr Str+5} (2)]
  1866 | D:3      | Reached XP level 6. HP: 35/48 MP: 6/6
  1870 | D:3      | Reached skill level 5 in Long Blades
  2165 | D:4      | Found a hazy altar of Hepliaklqana.
  2460 | D:4      | Found a basalt altar of Yredelemnul.
  2619 | D:4      | Identified the +2 ring mail of Ucodymeo {-Cast Dex+3}
  2621 | D:4      | Identified the +5 ring mail of the Farrier {Will+ Dex+3}
  2655 | D:4      | Reached skill level 6 in Dodging
  2911 | D:5      | Entered Level 5 of the Dungeon
  2923 | D:5      | Reached XP level 7. HP: 55/55 MP: 7/7
  2946 | D:5      | Reached skill level 1 in Evocations
  3482 | D:5      | Found a glowing golden altar of the Shining One.
  3486 | D:5      | Reached skill level 5 in Fighting
  3620 | D:5      | Reached XP level 8. HP: 62/62 MP: 8/8
  3931 | D:6      | Reached skill level 7 in Dodging
  4157 | D:6      | Reached skill level 5 in Throwing
  4350 | D:6      | Found a radiant altar of Vehumet.
  4368 | D:6      | Found a staircase to the Ecumenical Temple.
  4379 | Temple   | Entered the Ecumenical Temple
  4395 | Temple   | Became a worshipper of Gozag Ym Sagoz the Greedy
  4741 | D:6      | Found a burning altar of Makhleb.
  4741 | D:6      | Noticed a blizzard demon
  4744 | D:6      | Noticed a smoke demon
  4744 | D:6      | Noticed a smoke demon
  4977 | D:7      | Found a snail-covered altar of Cheibriados.
  4978 | D:7      | Found a shadowy altar of Dithmenos.
  5024 | D:7      | Reached XP level 9. HP: 67/69 MP: 9/9
  5031 | D:7      | Reached skill level 8 in Dodging
  5074 | D:7      | Identified the +0 chain mail of Ru's Wrath {Rampage Int-3
                  | Dex+3}
  5376 | D:8      | Noticed a manticore
  5425 | D:8      | Killed a manticore
  5465 | D:8      | Noticed a hornet
  5510 | D:7      | Paralysed by a hornet for 1 turns
  5515 | D:7      | Killed a hornet
  5516 | D:7      | Reached skill level 9 in Dodging
  5744 | D:8      | Reached skill level 5 in Evocations
  5830 | D:8      | Reached XP level 10. HP: 65/79 MP: 10/10
  6843 | D:9      | Found a staircase to the Orcish Mines.
  6974 | D:9      | Noticed a deep elf pyromancer
  6994 | D:9      | Reached skill level 10 in Dodging
  6994 | D:9      | Reached skill level 1 in Stealth
  6996 | D:9      | Noticed a centaur warrior
  7004 | D:9      | Killed a deep elf pyromancer
  7013 | D:9      | Killed a centaur warrior
  7348 | D:10     | Entered Level 10 of the Dungeon
  7452 | D:10     | Noticed a kobold demonologist
  7459 | D:10     | Noticed a smoke demon
  7460 | D:10     | Killed a kobold demonologist
  7461 | D:10     | Reached XP level 11. HP: 86/86 MP: 11/11
  7468 | D:10     | Noticed a two-headed ogre
  7476 | D:10     | Killed a two-headed ogre
  7477 | D:10     | Reached skill level 10 in Long Blades
  7494 | D:10     | Reached skill level 11 in Dodging
  7795 | D:10     | Found a blossoming altar of Fedhas.
  8024 | D:11     | Noticed an orc knight
  8129 | D:11     | Killed an orc knight
  8446 | D:11     | Found the +18 Lear's hauberk
  8641 | D:11     | Found a staircase to the Lair.
  8806 | D:11     | Reached skill level 12 in Dodging
  8974 | Lair:1   | Entered Level 1 of the Lair of Beasts
  8984 | Lair:1   | Noticed a death yak
  8985 | Lair:1   | Noticed a death yak
  8985 | Lair:1   | Noticed a death yak
  8987 | Lair:1   | Noticed a death yak
  8987 | Lair:1   | Noticed a death yak
  8987 | Lair:1   | Noticed a death yak
  9053 | Lair:1   | Reached XP level 12. HP: 83/95 MP: 12/12
  9099 | Lair:1   | Killed a death yak
  9194 | Lair:1   | Killed a death yak
  9207 | Lair:1   | Killed a death yak
  9208 | Lair:1   | Reached skill level 5 in Stealth
  9358 | Lair:1   | Killed a death yak
  9366 | Lair:1   | Slain by a death yak

Illustrated notes

Levels and vault maps discovered:
D:1:      saegor_arrival_simple_a, layout_basic, serial_shops, shop,
          roderic_roman_lattice, nrook_uturn, minmay_tromino_i4
D:2:      layout_basic, minmay_goblin_kobold_house, uniq_jessica, uniq_natasha
D:3:      layout_rooms, minmay_box_of_dots
D:4:      cheibrodos_helix_gallery, layout_loops_ring,
          nicolae_overflow_crystal_walls, kennysheep_mini, corexii_checkpoint_b
D:5:      layout_basic, marbit_many_paths
D:6:      layout_basic, makhleb_altar_promises_db, lemuel_crystal_altar,
          temple_pool_b, serial_demonic, serial_demonic_e, serial_demonic_d,
          serial_demonic_f, serial_demonic_a, palyth_stone_intersect
D:7:      layout_rooms, mainiacjoe_overflow_divided_tiny
D:8:      layout_layer_cave
D:9:      cheibrodos_barr_body, layout_irregular_city,
          minmay_orc_entry_temple_small
D:10:     layout_basic, fedhas_altar_2, st_stairs_12
D:11:     layout_loops_ring, hellmonk_lair_entry_icy
Temple:   nicolae_temple_ecumenical_triangle
Lair:1:   layout_cave_pods, chequers_serial_rivers_large_b,
          nicolae_lair_grazing_beasts [nicolae_sub_lair_graze_edge,
          nicolae_sub_lair_graze_edge, nicolae_sub_lair_graze_edge,
          nicolae_sub_lair_graze_edge], serial_bayou_shore_a

Skill      XL: |  1  2  3  4  5  6  7  8  9 10 11 12 |
---------------+-------------------------------------+-----
Long Blades    | 4 5 6 7 8 9 11 | 11.5
Fighting       | 3 4 5 6 7 8 9 |  9.2
Dodging        | 5 6 7 9 10 12 | 12.6
Throwing       | 3 4 5 6 7 9 |  9.5
Evocations     | 2 3 5 6 7 |  7.2
Stealth        | 2 4 5 |  5.1

Action                     |  1- 3 |  4- 6 |  7- 9 | 10-12 || total
---------------------------+-------+-------+-------+-------++-------
  Melee: Long sword        |    67 |   182 |   340 |    26 ||   615
         Punch             |     1 |     2 |     2 |     5 ||    10
         Tailslap          |       |       |     2 |    17 ||    19
         Scimitar          |       |       |       |   462 ||   462
  Throw: Throwing net      |       |       |       |     1 ||     1
 Invoke: Potion Petition   |       |       |       |     1 ||     1
    Use: Scroll            |     6 |     7 |     5 |     4 ||    22
         Potion            |       |     7 |     2 |     2 ||    11
   Stab: Sleeping          |     1 |     8 |     2 |     2 ||    13
         Invisible         |       |       |       |     9 ||     9
         Distracted        |       |       |       |     2 ||     2
 Armour: Leather armour    |    19 |    38 |       |       ||    57
         Ring mail         |       |     7 |   151 |    98 ||   256
         Chain mail        |       |       |       |    59 ||    59
  Dodge: Dodged            |    72 |   170 |   391 |   492 ||  1125
